[ AOE2 MATCH · #460142013 ]
UnrankedJapanese vs Magyars
[ REPLAY ANALYSIS · EXTRACTED FROM THE RECORDED GAME ]
Feudal
12:15
Castle
15:52
Imperial
39:49
| APM avg | 10.7 |
| APM peak | 79 |
| eAPM avg | 8.6 |
| Villagers / military | 83 / 73 |
Focus
⚔️ 14.2% · 🌾 85.8%
Archer ×73
Feudal
15:02
Castle
21:02
Imperial
35:15
| APM avg | 44.3 |
| APM peak | 132 |
| eAPM avg | 26.3 |
| Villagers / military | 158 / 188 |
Focus
⚔️ 25.5% · 🌾 74.5%
Magyar Huszar ×129 · Cavalry Archer ×51 · Trebuchet (Packed) ×8
Feudal
10:32
Castle
16:07
Imperial
34:48
| APM avg | 31.2 |
| APM peak | 81 |
| eAPM avg | 23.7 |
| Villagers / military | 204 / 356 |
Focus
⚔️ 46.9% · 🌾 53.1%
Scout Cavalry ×217 · Tarkan ×137 · Monk ×1 · Trebuchet (Packed) ×1
Feudal
10:47
Castle
15:26
Imperial
35:11
| APM avg | 20.9 |
| APM peak | 44 |
| eAPM avg | 15.0 |
| Villagers / military | 190 / 156 |
Focus
⚔️ 26.0% · 🌾 74.0%
Composite Bowman ×72 · Militia ×29 · Spearman ×19 · Scout Cavalry ×15 · Mangonel ×8 · Trebuchet (Packed) ×7
Feudal
13:51
Castle
17:46
Imperial
46:24
| APM avg | 19.8 |
| APM peak | 53 |
| eAPM avg | 12.6 |
| Villagers / military | 58 / 96 |
Focus
⚔️ 27.8% · 🌾 72.2%
Hussite Wagon ×62 · Petard ×10 · Battering Ram ×8 · Bombard Cannon ×8 · Spearman ×6 · Trebuchet (Packed) ×2
Feudal
10:08
Castle
14:14
Imperial
32:58
| APM avg | 39.4 |
| APM peak | 101 |
| eAPM avg | 25.1 |
| Villagers / military | 197 / 416 |
Focus
⚔️ 33.4% · 🌾 66.6%
Spearman ×358 · Scout Cavalry ×27 · Ballista Elephant ×24 · Trebuchet (Packed) ×4 · Monk ×3
Match map
Initial resources + every placement click. Lines = walls · curves = elevation contours. ◆ gold · ⬟ stone · ● berries · ✦ relic · ◌ wall gap
Inputs per minute
— dr.kevinbubbles.ph.d - - 隐姓埋名
Build order — dr.kevinbubbles.ph.d
First 150 of 184 actions detected
| 0:01 | Create | Villager (Male) |
| 0:01 | Create | Villager (Male) |
| 0:01 | Create | Villager (Male) |
| 0:03 | Build | House |
| 0:05 | Build | House |
| 0:45 | Create | Villager (Male) |
| 1:26 | Create | Villager (Male) |
| 1:49 | Build | Lumber Camp |
| 2:04 | Create | Villager (Male) |
| 2:26 | Create | Villager (Male) |
| 2:58 | Create | Villager (Male) |
| 3:22 | Create | Villager (Male) |
| 3:55 | Build | House |
| 4:10 | Create | Villager (Male) |
| 4:12 | Create | Villager (Male) |
| 4:26 | Build | Mill |
| 5:01 | Create | Villager (Male) |
| 5:02 | Create | Villager (Male) |
| 5:55 | Create | Villager (Male) |
| 6:08 | Build | House |
| 6:13 | Create | Villager (Male) |
| 6:41 | Create | Villager (Male) |
| 7:06 | Create | Villager (Male) |
| 7:07 | Create | Villager (Male) |
| 7:07 | Create | Villager (Male) |
| 7:39 | Build | Mining Camp |
| 7:55 | Create | Villager (Male) |
| 7:55 | Create | Villager (Male) |
| 7:55 | Create | Villager (Male) |
| 8:02 | Build | House |
| 8:32 | Build | Mill |
| 8:53 | Build | Mining Camp |
| 8:59 | Research | Loom |
| 9:30 | Research | Feudal Age |
| 10:28 | Create | Villager (Male) |
| 10:29 | Create | Villager (Male) |
| 10:50 | Build | House |
| 11:32 | Build | Farm |
| 11:58 | Build | Farm |
| 12:15 | Age | Feudal Age |
| 12:21 | Build | Market |
| 12:27 | Build | Blacksmith |
| 12:30 | Build | Farm |
| 12:34 | Build | Farm |
| 12:36 | Build | Farm |
| 13:12 | Research | Castle Age |
| 13:32 | Build | Farm |
| 14:00 | Research | Double-Bit Axe |
| 14:37 | Create | Villager (Male) |
| 15:52 | Age | Castle Age |
| 16:02 | Create | Villager (Male) |
| 16:10 | Build | Barracks |
| 16:16 | Research | Horse Collar |
| 16:40 | Create | Villager (Male) |
| 16:47 | Build | Farm |
| 17:02 | Create | Villager (Male) |
| 17:11 | Build | Farm |
| 17:19 | Build | Stable |
| 17:23 | Create | Villager (Male) |
| 17:25 | Create | Villager (Male) |
| 17:30 | Build | Farm |
| 17:34 | Build | Farm |
| 17:52 | Build | House |
| 17:59 | Create | Villager (Male) |
| 18:25 | Build | Farm |
| 18:52 | Build | Farm |
| 19:01 | Research | Light Cavalry (upgrade) |
| 19:14 | Build | Stone Wall |
| 19:29 | Build | Stone Wall |
| 19:34 | Create | Villager (Male) |
| 19:35 | Create | Villager (Male) |
| 20:06 | Create | Villager (Male) |
| 20:06 | Create | Villager (Male) |
| 20:46 | Build | Town Center |
| 21:20 | Build | Town Center |
| 22:30 | Build | Town Center |
| 22:50 | Build | Town Center |
| 23:32 | Create | Villager (Male) ×5 |
| 23:40 | Build | Farm |
| 24:00 | Build | Mining Camp |
| 24:08 | Build | Farm |
| 24:24 | Build | Farm |
| 24:34 | Create | Villager (Male) ×2 |
| 24:42 | Create | Villager (Male) ×2 |
| 24:46 | Build | Farm |
| 24:49 | Build | Farm |
| 25:19 | Build | Lumber Camp |
| 25:28 | Build | Farm |
| 25:32 | Build | Farm |
| 26:10 | Create | Villager (Male) ×2 |
| 26:18 | Build | House |
| 26:19 | Build | House |
| 26:20 | Build | House |
| 26:21 | Build | House |
| 26:37 | Build | Farm |
| 26:41 | Build | Farm |
| 27:02 | Create | Villager (Male) ×3 |
| 27:09 | Build | Farm |
| 27:11 | Build | Farm |
| 27:14 | Build | Farm |
| 27:17 | Build | Farm |
| 27:20 | Build | Farm |
| 27:26 | Build | Farm |
| 27:29 | Build | Farm |
| 27:32 | Build | Farm |
| 27:38 | Create | Villager (Male) |
| 28:06 | Build | House |
| 28:08 | Build | House |
| 29:00 | Create | Villager (Male) ×5 |
| 29:13 | Build | House |
| 29:14 | Build | House |
| 29:34 | Build | Archery Range |
| 29:42 | Research | Fletching |
| 29:43 | Research | Padded Archer Armor |
| 30:23 | Build | House |
| 30:24 | Build | House |
| 30:27 | Create | Villager (Male) ×5 |
| 30:52 | Build | Archery Range |
| 30:55 | Create | Villager (Male) ×5 |
| 31:03 | Build | Farm |
| 31:05 | Build | Farm |
| 31:21 | Build | Archery Range |
| 31:32 | Research | Thumb Ring |
| 31:46 | Create | Villager (Male) ×3 |
| 32:10 | Research | Bow Saw |
| 32:21 | Build | Archery Range |
| 32:25 | Build | House |
| 32:26 | Build | House |
| 32:32 | Build | Farm |
| 32:36 | Research | Crossbowman (upgrade) |
| 32:59 | Build | Blacksmith |
| 33:03 | Create | Villager (Male) ×5 |
| 33:28 | Build | House |
| 33:29 | Build | House |
| 33:38 | Create | Archer ×5 |
| 33:39 | Create | Archer ×5 |
| 33:59 | Build | Castle |
| 34:16 | Create | Villager (Male) ×5 |
| 35:05 | Create | Villager (Male) ×5 |
| 35:08 | Research | Wheelbarrow |
| 35:29 | Create | Archer ×5 |
| 35:36 | Build | House |
| 35:38 | Build | House |
| 36:39 | Research | Imperial Age |
| 36:46 | Build | Mining Camp |
| 37:06 | Build | House |
| 37:06 | Build | House |
| 37:07 | Build | House |
| 37:08 | Build | House |
| 37:19 | Build | House |
Build order — 隐姓埋名
First 150 of 512 actions detected
| 0:10 | Build | House |
| 0:25 | Create | Villager (Male) |
| 0:25 | Create | Villager (Male) |
| 0:25 | Create | Villager (Male) |
| 0:31 | Create | Villager (Male) |
| 0:31 | Create | Villager (Male) |
| 0:40 | Build | House |
| 0:42 | Build | House |
| 0:44 | Build | House |
| 2:02 | Create | Villager (Male) |
| 2:02 | Create | Villager (Male) |
| 2:34 | Create | Villager (Male) |
| 2:35 | Create | Villager (Male) |
| 2:49 | Create | Villager (Male) |
| 2:49 | Create | Villager (Male) |
| 2:49 | Create | Villager (Male) |
| 3:13 | Create | Villager (Male) |
| 3:13 | Create | Villager (Male) |
| 3:25 | Create | Villager (Male) |
| 3:25 | Create | Villager (Male) |
| 3:54 | Create | Villager (Male) |
| 3:54 | Create | Villager (Male) |
| 4:07 | Create | Villager (Male) |
| 4:07 | Create | Villager (Male) |
| 4:07 | Create | Villager (Male) |
| 4:27 | Create | Villager (Male) |
| 4:27 | Create | Villager (Male) |
| 4:36 | Research | Loom |
| 4:43 | Create | Villager (Male) |
| 4:43 | Create | Villager (Male) |
| 4:43 | Create | Villager (Male) |
| 4:43 | Create | Villager (Male) |
| 5:18 | Create | Villager (Male) |
| 5:18 | Create | Villager (Male) |
| 5:19 | Create | Villager (Male) |
| 5:37 | Build | Mill |
| 7:10 | Create | Villager (Male) |
| 7:10 | Create | Villager (Male) |
| 7:10 | Create | Villager (Male) |
| 7:10 | Create | Villager (Male) |
| 7:11 | Create | Villager (Male) |
| 7:35 | Create | Villager (Male) |
| 7:35 | Create | Villager (Male) |
| 8:42 | Create | Villager (Male) |
| 8:42 | Create | Villager (Male) |
| 8:42 | Create | Villager (Male) |
| 8:43 | Create | Villager (Male) |
| 9:08 | Create | Villager (Male) |
| 9:08 | Create | Villager (Male) |
| 9:08 | Create | Villager (Male) |
| 9:42 | Build | House |
| 9:50 | Build | Lumber Camp |
| 10:15 | Build | Mill |
| 10:26 | Build | Farm |
| 10:53 | Build | Farm |
| 11:16 | Build | Farm |
| 11:22 | Build | House |
| 11:28 | Build | Farm |
| 11:32 | Build | Farm |
| 11:36 | Build | Farm |
| 11:44 | Build | Farm |
| 11:47 | Research | Feudal Age |
| 12:31 | Build | Farm |
| 12:32 | Build | Farm |
| 13:23 | Build | House |
| 13:24 | Build | House |
| 13:27 | Build | House |
| 14:29 | Build | House |
| 14:38 | Build | Mining Camp |
| 15:02 | Create | Villager (Male) |
| 15:02 | Create | Villager (Male) |
| 15:02 | Age | Feudal Age |
| 15:02 | Create | Villager (Male) |
| 15:09 | Build | House |
| 15:20 | Create | Villager (Male) |
| 15:21 | Create | Villager (Male) |
| 15:21 | Create | Villager (Male) |
| 15:21 | Create | Villager (Male) |
| 15:41 | Build | Farm |
| 16:18 | Create | Villager (Male) |
| 16:18 | Create | Villager (Male) |
| 16:19 | Create | Villager (Male) |
| 16:19 | Create | Villager (Male) |
| 16:21 | Build | Farm |
| 16:30 | Build | Market |
| 16:33 | Build | Blacksmith |
| 16:34 | Create | Villager (Male) |
| 16:34 | Create | Villager (Male) |
| 17:11 | Build | Farm |
| 17:16 | Build | Farm |
| 17:22 | Build | Mining Camp |
| 17:32 | Build | Farm |
| 17:46 | Build | Farm |
| 18:04 | Research | Castle Age |
| 18:12 | Build | Farm |
| 18:15 | Build | Farm |
| 18:25 | Build | Farm |
| 18:32 | Research | Double-Bit Axe |
| 18:34 | Research | Horse Collar |
| 20:39 | Create | Villager (Male) |
| 20:39 | Create | Villager (Male) |
| 20:40 | Create | Villager (Male) |
| 20:40 | Create | Villager (Male) |
| 21:02 | Age | Castle Age |
| 21:10 | Build | Town Center |
| 21:13 | Create | Villager (Male) |
| 21:14 | Create | Villager (Male) |
| 21:14 | Create | Villager (Male) |
| 21:31 | Build | Town Center |
| 21:34 | Create | Villager (Male) |
| 21:47 | Create | Villager (Male) |
| 21:49 | Create | Villager (Male) |
| 21:49 | Create | Villager (Male) |
| 21:50 | Create | Villager (Male) |
| 21:50 | Create | Villager (Male) |
| 21:54 | Build | Farm |
| 22:41 | Build | Castle |
| 22:51 | Create | Villager (Male) |
| 23:06 | Create | Villager (Male) |
| 23:07 | Create | Villager (Male) |
| 23:07 | Create | Villager (Male) |
| 23:07 | Create | Villager (Male) |
| 23:09 | Create | Villager (Male) |
| 23:10 | Create | Villager (Male) |
| 23:41 | Build | Town Center |
| 23:43 | Create | Villager (Male) |
| 23:52 | Create | Villager (Male) |
| 24:02 | Create | Villager (Male) |
| 24:18 | Create | Villager (Male) |
| 25:01 | Create | Villager (Male) |
| 25:09 | Research | Bow Saw |
| 25:12 | Research | Heavy Plow |
| 25:18 | Build | Town Center |
| 25:40 | Build | Farm |
| 25:41 | Build | Farm |
| 25:43 | Create | Villager (Male) |
| 25:44 | Create | Villager (Male) |
| 25:44 | Create | Villager (Male) |
| 26:10 | Create | Villager (Male) |
| 26:10 | Create | Villager (Male) |
| 26:13 | Create | Villager (Male) |
| 26:20 | Build | Farm |
| 26:24 | Build | Farm |
| 26:25 | Create | Villager (Male) |
| 26:42 | Build | Farm |
| 26:45 | Create | Villager (Male) |
| 26:46 | Create | Villager (Male) |
| 27:05 | Build | Farm |
| 27:07 | Build | Farm |
| 27:08 | Create | Villager (Male) |
Build order — Vicio
First 150 of 797 actions detected
| 0:01 | Create | Villager (Male) |
| 0:10 | Create | Villager (Male) |
| 0:11 | Create | Villager (Male) |
| 0:11 | Create | Villager (Male) |
| 0:11 | Create | Villager (Male) |
| 0:12 | Create | Villager (Male) |
| 1:24 | Create | Villager (Male) |
| 1:24 | Create | Villager (Male) |
| 1:24 | Create | Villager (Male) |
| 1:53 | Build | Lumber Camp |
| 1:55 | Create | Villager (Male) |
| 1:55 | Create | Villager (Male) |
| 1:55 | Create | Villager (Male) |
| 2:32 | Create | Villager (Male) |
| 2:32 | Create | Villager (Male) |
| 2:32 | Create | Villager (Male) |
| 2:50 | Create | Villager (Male) |
| 2:50 | Create | Villager (Male) |
| 2:50 | Create | Villager (Male) |
| 3:04 | Create | Villager (Male) |
| 3:04 | Create | Villager (Male) |
| 3:04 | Create | Villager (Male) |
| 3:42 | Create | Villager (Male) |
| 3:42 | Create | Villager (Male) |
| 3:42 | Create | Villager (Male) |
| 3:55 | Create | Villager (Male) |
| 3:55 | Create | Villager (Male) |
| 3:56 | Create | Villager (Male) |
| 4:32 | Create | Villager (Male) |
| 4:33 | Create | Villager (Male) |
| 4:33 | Create | Villager (Male) |
| 4:46 | Create | Villager (Male) |
| 5:08 | Build | Mill |
| 5:24 | Create | Villager (Male) |
| 5:43 | Create | Villager (Male) |
| 6:02 | Create | Villager (Male) |
| 6:30 | Build | Mill |
| 6:34 | Create | Villager (Male) |
| 6:34 | Create | Villager (Male) |
| 6:54 | Create | Villager (Male) |
| 7:24 | Create | Villager (Male) |
| 8:12 | Research | Feudal Age |
| 8:30 | Build | Mining Camp |
| 10:23 | Create | Villager (Male) |
| 10:32 | Age | Feudal Age |
| 10:34 | Build | Blacksmith |
| 10:36 | Build | Market |
| 10:53 | Create | Villager (Male) |
| 11:15 | Create | Villager (Male) |
| 11:20 | Build | Farm |
| 11:26 | Build | Farm |
| 11:40 | Build | Farm |
| 11:42 | Create | Villager (Male) |
| 12:03 | Build | Farm |
| 12:05 | Create | Villager (Male) |
| 12:27 | Create | Villager (Male) |
| 12:29 | Build | Farm |
| 12:48 | Research | Loom |
| 13:09 | Build | Farm |
| 13:23 | Research | Castle Age |
| 13:23 | Research | Castle Age |
| 13:23 | Research | Castle Age |
| 13:45 | Research | Double-Bit Axe |
| 15:53 | Create | Villager (Male) |
| 16:07 | Age | Castle Age |
| 16:14 | Build | Town Center |
| 16:23 | Build | Town Center |
| 16:31 | Create | Villager (Male) |
| 16:52 | Create | Villager (Male) |
| 16:53 | Create | Villager (Male) |
| 17:10 | Create | Villager (Male) |
| 17:11 | Create | Villager (Male) |
| 17:20 | Create | Villager (Male) |
| 17:20 | Create | Villager (Male) |
| 17:21 | Create | Villager (Male) |
| 17:31 | Build | Farm |
| 17:43 | Create | Villager (Male) |
| 17:48 | Build | Farm |
| 17:50 | Create | Villager (Male) |
| 17:51 | Create | Villager (Male) |
| 17:51 | Create | Villager (Male) |
| 17:56 | Build | Farm |
| 18:00 | Build | Farm |
| 18:16 | Build | Farm |
| 18:18 | Build | Farm |
| 18:19 | Create | Villager (Male) |
| 18:20 | Create | Villager (Male) |
| 18:29 | Build | Farm |
| 18:36 | Build | Farm |
| 18:37 | Create | Villager (Male) |
| 18:37 | Create | Villager (Male) |
| 18:42 | Create | Villager (Male) |
| 18:51 | Build | Farm |
| 18:54 | Build | Farm |
| 19:04 | Create | Villager (Male) |
| 19:04 | Create | Villager (Male) |
| 19:04 | Create | Villager (Male) |
| 19:06 | Create | Villager (Male) |
| 19:09 | Build | Farm |
| 19:13 | Build | Farm |
| 19:22 | Create | Villager (Male) |
| 19:22 | Create | Villager (Male) |
| 19:23 | Create | Villager (Male) |
| 19:26 | Create | Villager (Male) |
| 19:26 | Create | Villager (Male) |
| 19:26 | Create | Villager (Male) |
| 19:31 | Build | Farm |
| 19:38 | Build | Farm |
| 19:50 | Create | Villager (Male) |
| 19:51 | Create | Villager (Male) |
| 19:51 | Create | Villager (Male) |
| 19:54 | Build | Farm |
| 19:58 | Build | Farm |
| 19:59 | Create | Villager (Male) |
| 19:59 | Create | Villager (Male) |
| 19:59 | Create | Villager (Male) |
| 20:03 | Create | Villager (Male) |
| 20:03 | Create | Villager (Male) |
| 20:03 | Create | Villager (Male) |
| 20:19 | Create | Villager (Male) |
| 20:19 | Create | Villager (Male) |
| 20:19 | Create | Villager (Male) |
| 20:22 | Build | Farm |
| 20:22 | Build | Farm |
| 20:22 | Build | Farm |
| 20:22 | Build | Farm |
| 20:23 | Build | Farm |
| 20:29 | Build | Farm |
| 20:30 | Create | Villager (Male) |
| 20:30 | Create | Villager (Male) |
| 20:31 | Create | Villager (Male) |
| 20:39 | Create | Villager (Male) |
| 20:39 | Create | Villager (Male) |
| 20:39 | Create | Villager (Male) |
| 20:43 | Create | Villager (Male) |
| 20:57 | Create | Villager (Male) |
| 20:57 | Create | Villager (Male) |
| 20:57 | Create | Villager (Male) |
| 21:04 | Build | Farm |
| 21:05 | Build | Farm |
| 21:05 | Build | Farm |
| 21:07 | Create | Villager (Male) |
| 21:07 | Create | Villager (Male) |
| 21:08 | Create | Villager (Male) |
| 21:08 | Create | Villager (Male) |
| 21:13 | Create | Villager (Male) |
| 21:13 | Create | Villager (Male) |
| 21:13 | Create | Villager (Male) |
| 21:22 | Build | Farm |
| 21:22 | Build | Farm |
Build order — Phoenixmatthew
First 150 of 404 actions detected
| 0:01 | Create | Villager (Male) |
| 0:01 | Create | Villager (Male) |
| 0:03 | Build | House |
| 0:05 | Build | House |
| 0:09 | Create | Villager (Male) |
| 0:09 | Create | Villager (Male) |
| 1:25 | Create | Villager (Male) |
| 1:25 | Create | Villager (Male) |
| 2:01 | Create | Villager (Male) |
| 2:01 | Create | Villager (Male) |
| 2:09 | Build | Mule Cart |
| 2:18 | Create | Villager (Male) |
| 2:52 | Create | Villager (Male) |
| 3:01 | Create | Villager (Male) |
| 3:36 | Create | Villager (Male) |
| 3:36 | Create | Villager (Male) |
| 3:52 | Build | House |
| 4:27 | Create | Villager (Male) |
| 4:27 | Create | Villager (Male) |
| 5:16 | Create | Villager (Male) |
| 5:41 | Create | Villager (Male) |
| 5:50 | Build | House |
| 5:53 | Build | House |
| 5:58 | Create | Villager (Male) |
| 6:19 | Create | Villager (Male) |
| 6:36 | Build | Mill |
| 6:50 | Create | Villager (Male) |
| 6:50 | Create | Villager (Male) |
| 7:25 | Create | Villager (Male) |
| 7:27 | Research | Loom |
| 7:31 | Build | Mule Cart |
| 7:57 | Create | Villager (Male) |
| 8:23 | Research | Feudal Age |
| 9:55 | Build | Farm |
| 9:57 | Build | Farm |
| 10:02 | Build | Farm |
| 10:47 | Age | Feudal Age |
| 10:50 | Build | Market |
| 10:56 | Build | Blacksmith |
| 11:01 | Create | Villager (Male) |
| 11:01 | Create | Villager (Male) |
| 11:15 | Build | Farm |
| 11:17 | Build | Farm |
| 11:22 | Build | Farm |
| 11:25 | Build | Farm |
| 12:46 | Research | Castle Age |
| 13:31 | Research | Double-Bit Axe |
| 13:40 | Build | Farm |
| 13:42 | Build | Farm |
| 14:00 | Research | Horse Collar |
| 14:23 | Create | Villager (Male) |
| 14:42 | Create | Villager (Male) |
| 15:26 | Age | Castle Age |
| 15:33 | Build | Monastery |
| 15:49 | Build | Monastery |
| 16:05 | Create | Villager (Male) |
| 16:06 | Create | Villager (Male) |
| 16:27 | Create | Warrior Priest |
| 16:27 | Create | Warrior Priest |
| 16:35 | Create | Villager (Male) |
| 16:59 | Build | House |
| 17:00 | Build | House |
| 17:13 | Build | Town Center |
| 17:52 | Build | House |
| 17:53 | Build | House |
| 17:54 | Create | Villager (Male) |
| 17:54 | Create | Villager (Male) |
| 17:55 | Create | Villager (Male) |
| 17:55 | Create | Villager (Male) |
| 18:02 | Create | Warrior Priest |
| 18:07 | Create | Villager (Male) |
| 18:15 | Build | Farm |
| 18:15 | Build | Farm |
| 18:15 | Build | Farm |
| 18:16 | Build | Farm |
| 18:24 | Create | Villager (Male) |
| 18:44 | Create | Villager (Male) |
| 18:49 | Create | Warrior Priest ×3 |
| 19:00 | Build | Farm |
| 19:05 | Create | Villager (Male) |
| 19:05 | Create | Villager (Male) |
| 19:22 | Build | Farm |
| 19:25 | Build | Farm |
| 19:26 | Create | Villager (Male) |
| 19:26 | Create | Villager (Male) |
| 19:40 | Create | Villager (Male) |
| 19:42 | Build | Farm |
| 19:44 | Create | Villager (Male) |
| 19:44 | Create | Villager (Male) |
| 20:04 | Create | Villager (Male) |
| 20:04 | Create | Villager (Male) |
| 20:27 | Create | Villager (Male) |
| 20:27 | Create | Villager (Male) |
| 21:00 | Create | Villager (Male) |
| 21:01 | Create | Villager (Male) |
| 21:03 | Research | Wheelbarrow |
| 21:26 | Create | Villager (Male) |
| 21:26 | Create | Villager (Male) |
| 21:46 | Create | Villager (Male) |
| 21:47 | Create | Villager (Male) |
| 22:10 | Build | Stone Wall |
| 22:20 | Create | Villager (Male) |
| 22:20 | Create | Villager (Male) |
| 22:42 | Build | House |
| 22:43 | Build | House |
| 22:47 | Build | House |
| 22:49 | Build | House |
| 22:50 | Create | Villager (Male) |
| 22:50 | Create | Villager (Male) |
| 22:59 | Build | Town Center |
| 23:00 | Create | Villager (Male) |
| 23:01 | Create | Villager (Male) |
| 23:01 | Create | Villager (Male) |
| 23:11 | Create | Villager (Male) |
| 23:11 | Create | Villager (Male) |
| 23:32 | Build | House |
| 23:34 | Build | House |
| 23:35 | Create | Villager (Male) |
| 23:36 | Create | Villager (Male) |
| 23:36 | Create | Villager (Male) |
| 23:41 | Create | Villager (Male) |
| 23:41 | Create | Villager (Male) |
| 23:56 | Research | Redemption |
| 24:06 | Create | Villager (Male) |
| 24:06 | Create | Villager (Male) |
| 24:16 | Build | Farm |
| 24:30 | Build | Farm |
| 24:48 | Create | Villager (Male) |
| 24:49 | Create | Villager (Male) |
| 24:49 | Create | Villager (Male) |
| 24:53 | Build | Mule Cart |
| 24:55 | Create | Villager (Male) |
| 24:55 | Create | Villager (Male) |
| 24:58 | Build | Farm |
| 24:59 | Create | Villager (Male) |
| 24:59 | Create | Villager (Male) |
| 25:10 | Build | Farm |
| 25:10 | Create | Villager (Male) |
| 25:11 | Create | Villager (Male) |
| 25:32 | Build | Farm |
| 25:38 | Research | Bow Saw |
| 25:48 | Build | Farm |
| 26:22 | Build | Stone Wall |
| 26:42 | Build | Farm |
| 26:49 | Build | Castle |
| 27:09 | Research | Hand Cart |
| 27:12 | Build | Farm |
| 27:23 | Build | Siege Workshop |
| 27:31 | Create | Villager (Male) |
| 27:31 | Create | Villager (Male) |
Build order — jiri.bubnik
First 150 of 172 actions detected
| 0:01 | Create | Villager (Male) |
| 0:01 | Create | Villager (Male) |
| 0:02 | Create | Villager (Male) |
| 0:02 | Create | Villager (Male) |
| 0:02 | Create | Villager (Male) |
| 0:02 | Create | Villager (Male) |
| 0:14 | Build | House |
| 0:24 | Research | Loom |
| 0:25 | Create | Villager (Male) |
| 0:25 | Create | Villager (Male) |
| 0:25 | Create | Villager (Male) |
| 0:49 | Build | House |
| 0:50 | Build | House |
| 0:50 | Build | House |
| 1:49 | Create | Villager (Male) |
| 1:49 | Create | Villager (Male) |
| 2:02 | Build | Mill |
| 2:16 | Create | Villager (Male) |
| 2:16 | Create | Villager (Male) |
| 2:39 | Create | Villager (Male) |
| 2:40 | Create | Villager (Male) |
| 3:06 | Create | Villager (Male) |
| 3:06 | Create | Villager (Male) |
| 3:28 | Create | Villager (Male) |
| 3:28 | Create | Villager (Male) |
| 3:57 | Create | Villager (Male) |
| 3:58 | Create | Villager (Male) |
| 3:58 | Create | Villager (Male) |
| 4:42 | Create | Villager (Male) |
| 4:42 | Create | Villager (Male) |
| 4:43 | Create | Villager (Male) |
| 5:06 | Create | Villager (Male) |
| 5:06 | Create | Villager (Male) |
| 6:06 | Create | Villager (Male) |
| 6:06 | Create | Villager (Male) |
| 6:06 | Create | Villager (Male) |
| 6:39 | Create | Villager (Male) |
| 6:39 | Create | Villager (Male) |
| 6:40 | Create | Villager (Male) |
| 6:40 | Create | Villager (Male) |
| 6:40 | Create | Villager (Male) |
| 6:50 | Build | House |
| 6:51 | Build | House |
| 7:37 | Build | House |
| 7:38 | Build | House |
| 7:40 | Build | House |
| 8:09 | Build | House |
| 8:10 | Build | House |
| 9:21 | Build | Mining Camp |
| 9:28 | Create | Villager (Male) |
| 9:28 | Create | Villager (Male) |
| 9:28 | Create | Villager (Male) |
| 9:30 | Create | Villager (Male) |
| 9:31 | Create | Villager (Male) |
| 9:55 | Build | Lumber Camp |
| 10:10 | Research | Feudal Age |
| 10:50 | Build | Mining Camp |
| 11:18 | Create | Villager (Male) |
| 11:18 | Create | Villager (Male) |
| 11:18 | Create | Villager (Male) |
| 13:36 | Build | Mill |
| 13:51 | Age | Feudal Age |
| 13:55 | Build | Market |
| 14:01 | Build | Blacksmith |
| 14:58 | Research | Castle Age |
| 15:57 | Research | Fletching |
| 16:26 | Research | Double-Bit Axe |
| 17:29 | Research | Town Watch |
| 17:46 | Age | Castle Age |
| 17:57 | Create | Villager (Male) |
| 17:58 | Create | Villager (Male) |
| 18:24 | Build | Castle |
| 18:28 | Create | Villager (Male) |
| 18:29 | Create | Villager (Male) |
| 18:52 | Create | Villager (Male) |
| 19:13 | Create | Petard |
| 19:14 | Create | Hussite Wagon |
| 19:14 | Create | Hussite Wagon |
| 19:15 | Create | Hussite Wagon |
| 19:48 | Build | Castle |
| 20:04 | Create | Hussite Wagon |
| 20:04 | Create | Hussite Wagon |
| 20:05 | Create | Hussite Wagon |
| 20:14 | Build | Mill |
| 21:21 | Build | Mining Camp |
| 22:41 | Research | Wagenburg Tactics |
| 22:54 | Create | Villager (Male) |
| 22:54 | Create | Villager (Male) |
| 23:12 | Create | Hussite Wagon |
| 23:13 | Create | Petard |
| 23:17 | Create | Hussite Wagon |
| 23:51 | Build | Mining Camp |
| 24:10 | Create | Petard |
| 24:10 | Create | Petard |
| 24:49 | Create | Petard |
| 25:01 | Build | Castle |
| 25:12 | Create | Hussite Wagon ×4 |
| 25:12 | Create | Hussite Wagon ×4 |
| 26:42 | Build | Barracks |
| 26:53 | Create | Hussite Wagon ×3 |
| 28:43 | Build | Town Center |
| 29:27 | Create | Petard ×2 |
| 29:28 | Create | Petard ×2 |
| 29:40 | Create | Villager (Male) |
| 29:40 | Create | Villager (Male) |
| 29:40 | Create | Villager (Male) |
| 30:36 | Create | Villager (Male) |
| 31:14 | Create | Hussite Wagon ×5 |
| 31:15 | Create | Hussite Wagon ×5 |
| 31:15 | Create | Hussite Wagon ×5 |
| 32:05 | Build | Castle |
| 32:34 | Create | Spearman |
| 32:34 | Create | Spearman |
| 32:35 | Create | Spearman |
| 32:35 | Create | Spearman |
| 33:14 | Build | Siege Workshop |
| 34:02 | Build | Castle |
| 34:22 | Research | Pikeman (upgrade) |
| 34:22 | Research | Squires |
| 34:36 | Research | Bodkin Arrow |
| 34:45 | Build | Mining Camp |
| 34:51 | Create | Battering Ram ×2 |
| 34:52 | Create | Battering Ram ×2 |
| 35:04 | Create | Petard |
| 35:27 | Create | Villager (Male) |
| 35:45 | Create | Spearman |
| 35:45 | Create | Spearman |
| 35:53 | Create | Hussite Wagon |
| 35:53 | Create | Hussite Wagon |
| 36:44 | Build | Mining Camp |
| 36:49 | Build | University |
| 37:55 | Create | Battering Ram |
| 37:55 | Create | Battering Ram |
| 38:23 | Create | Battering Ram |
| 38:23 | Create | Battering Ram |
| 38:49 | Research | Chemistry |
| 39:57 | Build | Castle |
| 40:00 | Create | Hussite Wagon ×3 |
| 40:35 | Build | Farm |
| 40:43 | Build | Farm |
| 40:43 | Build | Farm |
| 42:51 | Create | Hussite Wagon ×4 |
| 42:51 | Create | Hussite Wagon ×4 |
| 43:14 | Research | Imperial Age |
| 43:23 | Build | Lumber Camp |
| 43:59 | Create | Hussite Wagon |
| 43:59 | Create | Hussite Wagon |
| 44:15 | Create | Villager (Male) |
| 44:19 | Create | Villager (Male) |
| 44:20 | Create | Villager (Male) |
Build order — I can't get no mattisfaction
First 150 of 567 actions detected
| 0:02 | Create | Villager (Male) |
| 0:02 | Create | Villager (Male) |
| 0:02 | Create | Villager (Male) |
| 0:05 | Build | House |
| 0:06 | Build | House |
| 0:44 | Create | Villager (Male) |
| 1:38 | Create | Villager (Male) |
| 1:57 | Build | Lumber Camp |
| 2:00 | Create | Villager (Male) |
| 2:13 | Create | Villager (Male) |
| 2:36 | Create | Villager (Male) |
| 3:02 | Create | Villager (Male) |
| 3:29 | Create | Villager (Male) |
| 3:54 | Build | House |
| 4:07 | Create | Villager (Male) |
| 4:22 | Create | Villager (Male) |
| 4:27 | Build | House |
| 4:28 | Build | House |
| 4:49 | Build | Mill |
| 4:52 | Create | Villager (Male) |
| 5:08 | Create | Villager (Male) |
| 5:41 | Create | Villager (Male) |
| 5:46 | Build | Mill |
| 6:13 | Create | Villager (Male) |
| 6:27 | Create | Villager (Male) |
| 6:49 | Create | Villager (Male) |
| 6:52 | Create | Villager (Male) |
| 7:40 | Build | Mining Camp |
| 7:58 | Research | Feudal Age |
| 8:26 | Create | Villager (Male) |
| 8:37 | Create | Villager (Male) |
| 10:08 | Age | Feudal Age |
| 10:29 | Build | Market |
| 10:55 | Research | Loom |
| 11:04 | Build | Stable |
| 11:34 | Research | Castle Age |
| 12:10 | Research | Double-Bit Axe |
| 12:40 | Build | Farm |
| 12:42 | Build | Farm |
| 12:44 | Build | Farm |
| 13:00 | Research | Horse Collar |
| 13:21 | Build | Farm |
| 13:28 | Build | Farm |
| 13:33 | Create | Villager (Male) |
| 14:07 | Create | Scout Cavalry |
| 14:14 | Age | Castle Age |
| 14:19 | Build | Monastery |
| 14:24 | Create | Villager (Male) |
| 14:31 | Build | Farm |
| 14:55 | Create | Villager (Male) |
| 14:59 | Build | Farm |
| 15:05 | Build | Farm |
| 15:13 | Create | Scout Cavalry |
| 15:24 | Create | Monk |
| 15:27 | Build | House |
| 15:29 | Build | House |
| 15:38 | Create | Villager (Male) |
| 15:43 | Build | House |
| 15:48 | Build | Farm |
| 15:50 | Build | Farm |
| 15:52 | Build | Farm |
| 15:52 | Create | Villager (Male) |
| 16:09 | Create | Villager (Male) |
| 16:11 | Create | Monk |
| 16:31 | Create | Villager (Male) |
| 16:37 | Build | Farm |
| 16:40 | Create | Villager (Male) |
| 16:58 | Create | Monk |
| 16:59 | Create | Villager (Male) |
| 17:07 | Create | Scout Cavalry |
| 17:16 | Build | Farm |
| 17:18 | Build | Farm |
| 17:44 | Build | Farm |
| 17:47 | Build | House |
| 17:50 | Research | Light Cavalry (upgrade) |
| 18:04 | Build | Farm |
| 18:17 | Build | Town Center |
| 18:18 | Create | Villager (Male) |
| 18:44 | Create | Villager (Male) |
| 18:48 | Create | Villager (Male) |
| 18:56 | Research | Husbandry |
| 18:57 | Create | Villager (Male) |
| 19:11 | Create | Villager (Male) |
| 19:14 | Create | Villager (Male) |
| 19:25 | Build | Lumber Camp |
| 19:30 | Research | Bow Saw |
| 19:31 | Create | Villager (Male) |
| 19:48 | Create | Villager (Male) |
| 19:59 | Create | Villager (Male) |
| 20:04 | Create | Scout Cavalry |
| 20:12 | Build | Town Center |
| 20:16 | Create | Villager (Male) |
| 20:19 | Build | Farm |
| 20:22 | Build | Farm |
| 20:23 | Build | Farm |
| 20:25 | Create | Villager (Male) |
| 20:25 | Create | Villager (Male) |
| 20:33 | Create | Villager (Male) |
| 20:42 | Create | Villager (Male) |
| 20:49 | Create | Villager (Male) |
| 21:05 | Create | Scout Cavalry |
| 21:13 | Create | Villager (Male) |
| 21:27 | Build | Town Center |
| 21:27 | Create | Villager (Male) |
| 21:32 | Create | Villager (Male) |
| 21:39 | Create | Scout Cavalry |
| 21:55 | Build | House |
| 21:56 | Create | Villager (Male) |
| 21:58 | Build | House |
| 22:00 | Build | House |
| 22:03 | Build | House |
| 22:05 | Build | House |
| 22:08 | Research | Wheelbarrow |
| 22:10 | Create | Villager (Male) |
| 22:19 | Create | Villager (Male) |
| 22:26 | Build | Blacksmith |
| 22:29 | Create | Villager (Male) |
| 22:30 | Create | Scout Cavalry |
| 22:41 | Build | Stable |
| 22:45 | Build | Stable |
| 22:46 | Build | Stable |
| 22:47 | Create | Villager (Male) |
| 22:52 | Create | Scout Cavalry |
| 22:55 | Build | House |
| 22:57 | Build | House |
| 22:57 | Create | Villager (Male) |
| 23:08 | Create | Villager (Male) |
| 23:14 | Build | Farm |
| 23:16 | Build | Farm |
| 23:18 | Create | Villager (Male) |
| 23:21 | Build | Farm |
| 23:23 | Build | Farm |
| 23:24 | Create | Villager (Male) |
| 23:25 | Build | Farm |
| 23:29 | Build | Farm |
| 23:30 | Create | Villager (Male) |
| 23:35 | Build | Farm |
| 23:36 | Create | Villager (Male) |
| 23:45 | Create | Villager (Male) |
| 23:52 | Create | Villager (Male) |
| 23:55 | Build | House |
| 23:56 | Build | House |
| 24:01 | Create | Villager (Male) |
| 24:06 | Build | Farm |
| 24:07 | Create | Villager (Male) |
| 24:12 | Research | Heavy Plow |
| 24:18 | Build | Farm |
| 24:19 | Create | Villager (Male) |
| 24:21 | Create | Villager (Male) |
| 24:23 | Build | Farm |
Match timeline
| 10:08 | I can't get no mattisfaction · age_up feudal |
| 10:32 | Vicio · age_up feudal |
| 10:47 | Phoenixmatthew · age_up feudal |
| 11:04 | I can't get no mattisfaction · first_building Stable |
| 11:28 | I can't get no mattisfaction · first_market_sell 100 wood |
| 11:50 | Phoenixmatthew · first_market_buy 100 food |
| 11:55 | Phoenixmatthew · first_market_sell 100 wood |
| 12:15 | dr.kevinbubbles.ph.d · age_up feudal |
| 12:55 | Vicio · first_market_buy 100 food |
| 13:51 | jiri.bubnik · age_up feudal |
| 14:14 | I can't get no mattisfaction · age_up castle |
| 14:19 | I can't get no mattisfaction · first_building Monastery |
| 14:50 | jiri.bubnik · first_market_buy 100 food |
| 15:02 | 隐姓埋名 · age_up feudal |
| 15:26 | Phoenixmatthew · age_up castle |
| 15:33 | Phoenixmatthew · first_building Monastery |
| 15:52 | dr.kevinbubbles.ph.d · age_up castle |
| 16:07 | Vicio · age_up castle |
| 16:10 | dr.kevinbubbles.ph.d · first_building Barracks |
| 17:19 | dr.kevinbubbles.ph.d · first_building Stable |
| 17:46 | jiri.bubnik · age_up castle |
| 18:13 | I can't get no mattisfaction · first_market_buy 100 wood |
| 18:24 | jiri.bubnik · first_building Castle |
| 19:14 | dr.kevinbubbles.ph.d · wall_segment Stone Wall x10 |
| 19:29 | dr.kevinbubbles.ph.d · wall_segment Stone Wall x9 |
| 21:02 | 隐姓埋名 · age_up castle |
| 21:47 | Vicio · first_building Castle |
| 22:10 | Phoenixmatthew · wall_segment Stone Wall x14 |
| 22:41 | 隐姓埋名 · first_building Castle |
| 24:59 | Vicio · first_building Barracks |
| 25:34 | Vicio · first_building Stable |
| 26:22 | Phoenixmatthew · wall_segment Stone Wall x6 |
| 26:42 | jiri.bubnik · first_building Barracks |
| 26:49 | Phoenixmatthew · first_building Castle |
| 27:23 | Phoenixmatthew · first_building Siege Workshop |
| 27:56 | I can't get no mattisfaction · first_building Castle |
| 29:34 | dr.kevinbubbles.ph.d · first_building Archery Range |
| 29:36 | Phoenixmatthew · first_building Barracks |
| 30:53 | Vicio · first_market_sell 100 food |
| 31:45 | I can't get no mattisfaction · tribute_sent a jugador 1 |
| 31:45 | I can't get no mattisfaction · tribute_sent a jugador 2 |
| 31:45 | I can't get no mattisfaction · tribute_sent a jugador 3 |
| 31:45 | I can't get no mattisfaction · tribute_sent a jugador 4 |
| 31:45 | I can't get no mattisfaction · tribute_sent a jugador 5 |
| 32:14 | I can't get no mattisfaction · tribute_sent a jugador 1 |
| 32:14 | I can't get no mattisfaction · tribute_sent a jugador 2 |
| 32:14 | I can't get no mattisfaction · tribute_sent a jugador 3 |
| 32:14 | I can't get no mattisfaction · tribute_sent a jugador 4 |
| 32:14 | I can't get no mattisfaction · tribute_sent a jugador 5 |
| 32:58 | I can't get no mattisfaction · age_up imperial |
| 33:14 | jiri.bubnik · first_building Siege Workshop |
| 33:29 | I can't get no mattisfaction · first_building Barracks |
| 33:59 | dr.kevinbubbles.ph.d · first_building Castle |
| 34:48 | Vicio · age_up imperial |
| 35:11 | Phoenixmatthew · age_up imperial |
| 35:15 | 隐姓埋名 · age_up imperial |
| 35:44 | Vicio · first_building Monastery |
| 36:06 | I can't get no mattisfaction · wall_segment Stone Wall x1 |
| 36:09 | I can't get no mattisfaction · wall_segment Stone Wall x1 |
| 36:21 | I can't get no mattisfaction · wall_segment Stone Wall x1 |
| 37:47 | 隐姓埋名 · tribute_sent a jugador 2 |
| 37:47 | 隐姓埋名 · tribute_sent a jugador 3 |
| 37:47 | 隐姓埋名 · tribute_sent a jugador 4 |
| 37:47 | 隐姓埋名 · tribute_sent a jugador 5 |
| 37:47 | 隐姓埋名 · tribute_sent a jugador 6 |
| 38:07 | Vicio · wall_segment Stone Wall x4 |
| 38:47 | I can't get no mattisfaction · wall_segment Stone Wall x1 |
| 39:49 | dr.kevinbubbles.ph.d · age_up imperial |
| 40:15 | 隐姓埋名 · first_building Barracks |
| 41:16 | 隐姓埋名 · first_building Archery Range |
| 41:27 | 隐姓埋名 · first_market_sell 100 food |
| 44:15 | dr.kevinbubbles.ph.d · first_market_buy 100 wood |
| 44:30 | Vicio · wall_segment Stone Wall x3 |
| 44:35 | dr.kevinbubbles.ph.d · first_market_sell 100 wood |
| 46:24 | jiri.bubnik · age_up imperial |
| 46:45 | Phoenixmatthew · first_building Stable |
| 50:47 | Vicio · tribute_sent a jugador 1 |
| 50:47 | Vicio · tribute_sent a jugador 2 |
| 50:47 | Vicio · tribute_sent a jugador 4 |
| 50:47 | Vicio · tribute_sent a jugador 5 |
| 50:47 | Vicio · tribute_sent a jugador 6 |
| 51:09 | I can't get no mattisfaction · resign |
[ AI ANALYSIS · 1 CREDIT ]
What really happened in this match?
Wolo.gg analyzes every decision: build order, eco, micro, common mistakes by bracket. Personalized analysis on WhatsApp or Discord in 30 seconds.
Civ guide
Japanese
Perfil
Jugador #8554984